 Dungeon Crawl Stone Soup version 0.28-a0-2-g643f2454ad (webtiles) character file.

Game seed: 18170364202453341174

2301 Wyvernaa the Cutter (level 9, -12/46 HPs)
             Began as a Vine Stalker Fighter on July 23, 2021.
             Killed from afar by a steam dragon (17 damage)
             ... with a ball of steam
             ... on level 7 of the Dungeon.
             The game lasted 00:13:01 (6773 turns).

Wyvernaa the Cutter (Vine Stalker Fighter)          Turns: 6773, Time: 00:13:02

Health: -12/46     AC: 10    Str: 22    XL:     9   Next: 40%
Magic:  0/10       EV:  9    Int:  8    God:
Gold:   1022       SH: 12    Dex: 20    Spells: 8/8 levels left

rFire   . . .      SeeInvis .   a - +1 rapier
rCold   . . .      Faith    .   c - +1 kite shield
rNeg    . . .      Spirit   +   b - +0 scale mail
rPois   .          Reflect  .   e - +1 helmet
rElec   .          Harm     .   f - scarf {repulsion}
rCorr   .          Rampage  .   (no gloves)
Will    ++...                   k - +0 pair of boots
Stlth   +.........              (no amulet)
HPRegen 1.15/turn               A - +6 ring of dexterity
MPRegen 0.12/turn               p - ring of willpower

@: repel missiles
A: fangs 3, regeneration 1, magic shield, antimagic bite, no potion heal 2
a: no special abilities


You were on level 7 of the Dungeon.
You visited 1 branch of the dungeon, and saw 7 of its levels.
You also visited: Sewer.

You collected 1022 gold pieces.

Inventory:

Hand Weapons
 a - a +1 rapier (weapon)
Missiles
 j - 2 curare-tipped darts (quivered)
 m - 8 boomerangs of dispersal
Armour
 b - a +0 scale mail (worn)
 c - a +1 kite shield (worn)
 e - a +1 helmet (worn)
 f - a scarf of repulsion (worn)
 k - a +0 pair of boots (worn)
Jewellery
 l - a ring of fire
 p - a ring of willpower (right hand)
 A - a +6 ring of dexterity (left hand)
 C - an amulet of faith
 D - a ring of protection from fire
 E - a ring of magical power
 F - a ring of see invisible
Wands
 x - a wand of iceblast (6)
 G - a wand of acid (9)
 K - a wand of paralysis (10)
Scrolls
 h - a scroll of fear
 i - 2 scrolls of enchant armour
 n - a scroll of immolation
 o - a scroll of silence
 t - 2 scrolls of amnesia
 v - a scroll of teleportation
 y - a scroll of vulnerability
 J - a scroll of fog
Potions
 d - 3 potions of might
 g - a potion of magic
 q - a potion of curing
 r - 2 potions of attraction
 s - a potion of mutation
 u - 5 potions of degeneration {unknown}
 w - 3 potions of lignification {unknown}
 z - a potion of ambrosia {unknown}
 B - a potion of cancellation {unknown}
 H - 2 potions of flight {unknown}
 I - a potion of resistance {unknown}


   Skills:
 + Level 4.4 Fighting
 + Level 6.9 Short Blades
 + Level 4.9 Armour
 + Level 2.7 Dodging
 + Level 2.0 Stealth
 + Level 6.2 Shields


You had 8 spell levels left.
You didn't know any spells.
Your spell library was empty.

Dungeon Overview and Level Annotations

Branches:
Dungeon (7/15)             Temple (0/1) D:6           Sewer (visited)

Altars:
Hepliaklqana
Qazlal
Vehumet
Zin


Innate Abilities, Weirdness & Mutations

You have razor-sharp teeth.
Your natural rate of healing is unusually fast.
When hurt, damage is shared between your health and your magic reserves.
Your bite disrupts and absorbs the magic of your enemies.
Potions cannot restore your health.


Message History

You hit the steam dragon but do no damage.
You bite the steam dragon. You drain its power.
The steam dragon is moderately wounded.
You are engulfed in a cloud of scalding steam.
The steam dragon breathes steam at you. The ball of steam hits you!!
You hit the steam dragon. Your bite misses the steam dragon.
The steam dragon is heavily wounded.
You are engulfed in a cloud of scalding steam.
You block the steam dragon's attack. x2
You are too injured to fight recklessly!
You are too injured to fight recklessly!
The steam dragon barely misses you.
The steam dragon claws you but does no damage.
You puncture the steam dragon! Your bite misses the steam dragon.
The steam dragon is severely wounded.
The steam dragon bites you.
The steam dragon claws you but does no damage.
You barely miss the steam dragon. Your bite misses the steam dragon.
The steam dragon is severely wounded.
The steam dragon barely misses you. The steam dragon claws you.
You closely miss the steam dragon. You bite the steam dragon.
You drain its power.
You feel invigorated.
The steam dragon is almost dead.
The steam dragon breathes steam at you. The ball of steam hits you!
* * * LOW HITPOINT WARNING * * *
You hit the steam dragon. Your bite misses the steam dragon.
The steam dragon is almost dead.
You are engulfed in a cloud of scalding steam.
* * * LOW HITPOINT WARNING * * *
The steam dragon bites you.
* * * LOW HITPOINT WARNING * * *
You block the steam dragon's attack. The steam dragon breathes steam at you.
The ball of steam hits you!
* * * LOW HITPOINT WARNING * * *
The steam dragon breathes steam at you. The ball of steam hits you!!
You die...

#...#.# ###.#
#.# #.# #.#
###### #.#
#....# #.#
#...!#
#.####D...#
####
#...@ยงยงยง..+
....
##........#
####
#....#####
#....# ######


You could see a steam dragon (catching breath).

Vanquished Creatures
  A kobold demonologist (D:6)
  An orc warrior (D:6)
  A hornet zombie (D:7)
  2 black bears (D:7)
  A necrophage (D:6)
  2 ogres (D:4)
  An ice beast (D:5)
  A phantom (D:5)
  3 bullfrogs
  4 scorpions
  A water moccasin skeleton (D:5)
  8 hounds
  2 jellies
  2 orc priests
  2 iguanas
  2 orc wizards (D:6)
  Terence (D:2)
  A howler monkey zombie (D:6)
  A gnoll (D:4)
  11 adders
  A river rat (D:6)
  2 white imps
  An adder zombie (D:5)
  3 worms
  28 orcs
  9 ball pythons
  9 endoplasms
  4 giant cockroaches
  3 hobgoblins
  15 jackals
  4 kobolds
  6 quokkas
  7 bats
  11 frilled lizards
  4 goblins
  7 rats
162 creatures vanquished.

Notes
Turn   | Place    | Note
-------+----------+-------------------------------------------
     0 | D:1      | Wyvernaa the Vine Stalker Fighter began the quest for the
                  | Orb.
     0 | D:1      | Reached XP level 1. HP: 11/11 MP: 2/2
   418 | D:1      | Reached XP level 2. HP: 16/16 MP: 3/3
  1263 | D:2      | Noticed Terence
  1272 | D:2      | Killed Terence
  1273 | D:2      | Reached XP level 3. HP: 12/19 MP: 4/4
  1664 | D:2      | You fall into a shaft and drop 1 floor!
  1679 | D:3      | Gained mutation: Your natural rate of healing is unusually
                  | fast. [Vine Stalker growth]
  1679 | D:3      | Reached XP level 4. HP: 21/23 MP: 5/5
  2282 | D:2      | Identified a scroll of acquirement
  2283 | D:2      | Acquired 759 gold pieces
  2392 | D:3      | Reached XP level 5. HP: 21/28 MP: 3/6
  3126 | D:4      | Reached skill level 1 in Stealth
  3178 | D:4      | Reached XP level 6. HP: 30/32 MP: 5/7
  3726 | D:4      | Reached skill level 1 in Dodging
  3726 | D:4      | Reached XP level 7. HP: 27/36 MP: 8/8
  3882 | D:4      | Found a radiant altar of Vehumet.
  4068 | D:5      | Entered Level 5 of the Dungeon
  4693 | D:5      | Reached skill level 5 in Short Blades
  4819 | D:5      | Gained mutation: You have razor-sharp teeth. [Vine Stalker
                  | growth]
  4819 | D:5      | Reached XP level 8. HP: 42/42 MP: 9/9
  5163 | D:6      | Reached skill level 5 in Shields
  5197 | D:6      | Found a glowing drain.
  5256 | Sewer    | Entered a sewer
  5831 | D:6      | Found a staircase to the Ecumenical Temple.
  5952 | D:6      | Noticed a kobold demonologist
  5968 | D:6      | Killed a kobold demonologist
  6024 | D:5      | Reached XP level 9. HP: 33/45 MP: 10/10
  6162 | D:6      | Found a stormy altar of Qazlal.
  6162 | D:6      | Found a glowing silver altar of Zin.
  6266 | D:6      | Found a hazy altar of Hepliaklqana.
  6773 | D:7      | Killed from afar by a steam dragon

Illustrated notes

Levels and vault maps discovered:
D:1:      zelgadis_glass_arrival_small, layout_loops_ring, nrook_mini_backslash
D:2:      layout_basic, uniq_terence
D:3:      layout_rooms
D:4:      layout_cave_pools, mainiacjoe_overflow_boulevard, cheibrodos_gnoll_hut
D:5:      layout_loops_corners, chequers_serial_rivers_room_b
D:6:      layout_cave_pools, gammafunk_temple_overflow_wave,
          nicolae_hepliaklqana_hippocampus, minmay_temple_entry_from_below_a,
          portal_sewer_entry_a, chequers_serial_rivers_small_b
D:7:      layout_basic, grunt_ministairs_1, serial_park_tiny_1, minmay_puff

Skill      XL: |  1  2  3  4  5  6  7  8  9 |
---------------+----------------------------+-----
Short Blades   | 2 3 4 5 6 |  6.9
Shields        | 3 4 5 6 |  6.2
Fighting       | 3 4 |  4.4
Armour         | 3 4 |  4.9
Stealth        | 1 2 |  2.0
Dodging        | 1 2 |  2.7

Action                   |  1- 3 |  4- 6 |  7- 9 || total
-------------------------+-------+-------+-------++-------
Melee: Rapier            |    73 |   155 |   328 ||   556
       Bite              |    12 |    49 |   118 ||   179
  Use: Scroll            |     3 |     8 |    10 ||    21
Armor: Scale mail        |    28 |    73 |   140 ||   241
Dodge: Dodged            |    18 |    38 |   113 ||   169
Block: Kite shield       |    37 |    96 |   225 ||   358

Table legend: (Time is in decaauts)
 A = Elapsed time spent in this place.
 B = Non-inter-level travel time spent in this place.
 C = Inter-level travel time spent in this place.
 D = Time resting spent in this place.
 E = Time spent auto-exploring this place.
 F = Levels seen in this place.
 G = Mean time per level.
                   A        B        C        D        E       F      G
               +--------+--------+--------+--------+--------+-----+--------+
         Total |   7015 |   6861 |    154 |   1361 |   3959 |   8 |  876.9 |
       Dungeon |   6339 |   6185 |    154 |   1361 |   3465 |   7 |  905.6 |
         Sewer |    675 |    675 |      0 |      0 |    494 |   1 |  675.0 |
               +--------+--------+--------+--------+--------+-----+--------+

Top non-repeatable levels by time:
     D:2: 1289 daAuts
     D:1: 1277 daAuts
     D:4: 1010 daAuts
     D:5: 985 daAuts
     D:6: 781 daAuts
   Sewer: 675 daAuts
     D:3: 570 daAuts
     D:7: 424 daAuts
